[Event "*** Titled Tuesday Blitz"]
[Site "Chess.com"]
[Date "2018.05.01"]
[Round "3"]
[White "Kouzari"]
[Black "MartinZumsande"]
[Result "0-1"]
[WhiteElo "2633"]
[BlackElo "2503"]
[TimeControl "180+2"]
[EndTime "13:40:15 PDT"]
[Termination "MartinZumsande won by resignation"]

1. d4 d5 2. c4 e6 3. Nc3 Be7 4. cxd5 exd5 5. Bf4 Nf6 6. e3 Bf5 7. Qb3 Nc6 8. Qxb7 Nb4 9. Rc1 O-O 10. Qxc7 Qxc7 11. Bxc7 Rfc8 12. Bg3 Ne4 13. f3 Nxc3 14. Rxc3 Nxa2 15. Rxc8+ Rxc8 16. Be2 Rc1+ 17. Kf2 Bb4 18.
e4 dxe4 19. Bf4 Rb1 20. g4 Bg6 21. h4 Rxb2 22. h5 exf3 23. hxg6 fxe2 24. gxh7+ Kh8 25. Nxe2 Nc3 26. Kf3 Nxe2 27. Be5 f6 28. Bb8 Nxd4+ 29.
Ke4 Nc6 30. Bc7 Ba5 31. Bd6 Rf2 32. Bf8 Re2+ 33. Kd5 Re8 34. Bc5 Ne5 35. g5 fxg5 36. Bxa7 Ng4 37. Bd4 Nf6+ 38. Kc4 g4 39. Rh4 g3 40.
Rh3 Bc7 41. Kd3 Nxh7 42. Be3 Kg8 43. Rh4 Nf6 44. Bd4 Kf7 45. Rh1 Rd8 46. Ke3 Rxd4 47. Kxd4 g2 48. Rc1 g1=Q+ 49. Rxg1 Bb6+ 50. Ke5 Bxg1 0-1

[Event "*** Titled Tuesday Blitz"]
[Site "Chess.com"]
[Date "2018.05.01"]
[Round "3"]
[White "DishonorOnYourCow"]
[Black "Kirill_Klukin"]
[Result "1-0"]
[WhiteElo "2313"]
[BlackElo "2504"]
[TimeControl "180+2"]
[EndTime "13:40:15 PDT"]
[Termination "DishonorOnYourCow won by resignation"]

1. d4 Nf6 2. c4 e6 3. Nc3 a6 4. e4 Bb4 5. Bd3 Bxc3+ 6. bxc3 d6 7. Nf3 Nbd7 8. O-O e5 9. h3 O-O 10. Be3 Qe7 11. Nh4 Nb8 12. Nf5 Bxf5 13. exf5 e4 14. Bc2 c6 15. Bg5 Nbd7 16. f3 d5 17. cxd5 cxd5 18.
fxe4 dxe4 19. Re1 Rac8 20. Rxe4 Qa3 21. Re3 Nd5 22. Rg3 Nxc3 23. Qg4 Ne2+ 24. Qxe2 Qxg3 25. Be7 Rfe8 26. Bb3 Nf6 27. Bxf7+ Kh8 28. Bxe8 Rxe8 29. Re1 Nd5 30. Bh4 Rxe2 31. Bxg3 Rxe1+ 32. Bxe1 h5 33. Kf2 Kg8 34. Kf3 Kf7 35. Ke4 Nb6 36. Ke5 Ke7 37.
Bh4+ Kd7 38. f6 gxf6+ 39. Kxf6 Nd5+ 40. Ke5 Ne3 41. g3 b5 42. Bg5 Nf1 43. g4 hxg4 44. hxg4 Nh2 45. Kf4 Kc6 46. Bf6 Nxg4 47. Kxg4 a5 48.
Kf3 b4 49. Ke3 a4 50. Kd3 Kd5 51. Be7 b3 52. axb3 axb3 53. Bc5 1-0

[Event "*** Titled Tuesday Blitz"]
[Site "Chess.com"]
[Date "2018.05.01"]
[Round "3"]
[White "StoreySniper"]
[Black "TrimitziosP7"]
[Result "1-0"]
[WhiteElo "2371"]
[BlackElo "2524"]
[TimeControl "180+2"]
[EndTime "13:40:22 PDT"]
[Termination "StoreySniper won by resignation"]

1. c4 Nf6 2. g3 c6 3. Bg2 d5 4. Nf3 h6 5. Qc2 e6 6. d4 Bd6 7.
c5 Bc7 8. O-O O-O 9. Nc3 Nbd7 10. Bf4 Re8 11. Bxc7 Qxc7 12. e4 dxe4 13. Nxe4 Nxe4 14.
Qxe4 Nf6 15. Qf4 Qxf4 16. gxf4 Nd5 17. f5 exf5 18. Rfe1 Be6 19. Ne5 Rad8 20. Nc4 Re7 21. Bxd5 Rxd5 22. Nd6 Rd7 23. Rad1 g6 24. b4 b6 25. f4 Kf8 26. h4 h5 27. Kf2 Ke7 28. Re5 Rxe5 29. dxe5 Rd8 30. cxb6 axb6 31. a4 Ra8 32.
Ra1 f6 33. a5 c5 34. axb6 Rxa1 35. b7 Ra2+ 36. Ke1 Ra1+ 37. Kd2 Ra2+ 38. Kc1 Ra1+ 39. Kc2 Ra2+ 40. Kc1 Ra1+ 41. Kb2 Ra2+ 42. Kb1 Ra4 43. b5 Rb4+ 44. Kc1 fxe5 45. fxe5 Bd7 46. b8=Q Ke6 47. Qg8+ Kxe5 48. Nf7+ Kf6 49. Qf8 Ke6 50. Ng5+ Kd5 51. Qf7+ Kd6 52. Qf6+ Kc7 53. Qe7 Rxb5 54. Ne6+ Kc6 55. Nd8+ Kc7 56. Nf7 Rb6 57. Qe5+ Kb7 58. Nd6+ Kc6 59. Nc4 Rb4 60. Qd6+ Kb5 61. Ne5 Be8 62.
Qb8+ Ka4 63. Qxe8+ Kb3 64. Qf7+ c4 65. Qxg6 Ra4 66. Qb6+ Rb4 67. Qe3+ c3 68. Nd3 Rb5 69. Ne1 Rb4 70. Qe6+ Ka4 71. Nc2 Rxh4 72. Qa6+ Kb3 73. Qb7+ Ka4 74. Qd7+ Kb3 75. Qd5+ Ka4 76. Qa8+ Kb3 77.
Qa3+ Kc4 78. Qb4+ 1-0

[Event "*** Titled Tuesday Blitz"]
[Site "Chess.com"]
[Date "2018.05.01"]
[Round "3"]
[White "SCIM"]
[Black "JSPrepz"]
[Result "0-1"]
[WhiteElo "2373"]
[BlackElo "2626"]
[TimeControl "180+2"]
[EndTime "13:40:24 PDT"]
[Termination "JSPrepz won on time"]

1. d4 Nf6 2. c4 c5 3. d5 b5 4. cxb5 a6 5. bxa6 g6 6. Nc3 Bg7 7. Nf3 O-O 8. a7 Rxa7 9. e4 e6 10. Be2 exd5 11. exd5 d6 12. O-O Na6 13. h3 Nc7 14.
Bf4 Re8 15. Re1 Ne4 16. Nxe4 Rxe4 17. Bg5 Qe8 18. Bd3 Rxe1+ 19. Qxe1 Bxb2 20. Qxe8+ Nxe8 21. Re1 Bd7 22. Bc4 Bg7 23. Rb1 h6 24. Bf4 Ra4 25. Nd2 Bc3 26. Rc1 Bg7 27. Bg3 Bf8 28. Rb1 Nf6 29.
Rb8 Kg7 30. Rb7 Bf5 31. Bb3 Rd4 32. Nc4 Ne4 33. Ne3 Nxg3 34. fxg3 Bd3 35. Rc7 h5 36. Kf2 Kg8 37. Rc8 Kg7 38. Rc7 Re4 39. Bd1 Kf6 40.
Bb3 Bh6 41. Nd1 c4 42. Ba4 Re2+ 43. Kg1 Rxa2 0-1

[Event "*** Titled Tuesday Blitz"]
[Site "Chess.com"]
[Date "2018.05.01"]
[Round "3"]
[White "FastChance"]
[Black "GameOverBro"]
[Result "1-0"]
[WhiteElo "2649"]
[BlackElo "2426"]
[TimeControl "180+2"]
[EndTime "13:40:28 PDT"]
[Termination "FastChance won by checkmate"]

1. e4 d6 2. Nc3 Nf6 3. f4 d5 4. e5 d4 5. Nce2 Nd5 6. Nf3 c5 7. c4 Nc7 8. d3 f5 9. g3 b6 10. Bg2 Bb7 11. O-O e6 12. b4 Nd7 13.
b5 Be7 14. a4 O-O 15. a5 Rb8 16. axb6 axb6 17. Ra7 Qc8 18. Bd2 Ra8 19. Rxb7 Qxb7 20. Nfxd4 Qc8 21. Bxa8 Qxa8 22. Nc6 Re8 23. Qa1 Kf7 24. Qb2 Qb7 25. Ra1 Ra8 26. Ra3 Nb8 27. Nxe7 Kxe7 28. Rxa8 Qxa8 29. Be1 Nd7 30. Nc3 h5 31. Qg2 Qa1 32. Qe2 g6 33. Kf1 Ne8 34. Qf3 Qc1 35. h3 Ng7 36. Kf2 g5 37. Ne2 Qd1 38.
Nd4 Qa1 39. Nc6+ Kf7 40. fxg5 Nxe5 41. Nxe5+ Qxe5 42. Qf4 Qb2+ 43. Qd2 Qd4+ 44. Qe3 Qb2+ 45. Kg1 Kg6 46. Bf2 Qb1+ 47. Kg2 Qb2 48. d4 cxd4 49.
Qxd4 Qc2 50. Qf6+ Kh7 51. g6+ Kh6 52. h4 Qe4+ 53. Kh2 e5 54. Qg5# 1-0

[Event "*** Titled Tuesday Blitz"]
[Site "Chess.com"]
[Date "2018.05.01"]
[Round "3"]
[White "savinspm"]
[Black "Kawhi_Leonard2"]
[Result "1-0"]
[WhiteElo "1987"]
[BlackElo "2155"]
[TimeControl "180+2"]
[EndTime "13:40:28 PDT"]
[Termination "savinspm won by resignation"]

1. e4 c5 2. Nc3 Nc6 3. Bb5 Nd4 4.
Bc4 e6 5. d3 d6 6. Nf3 Nf6 7.
Be3 Nxf3+ 8. Qxf3 Be7 9. O-O O-O 10. h3 a6 11. a4 Rb8 12. a5 Nd7 13. Ne2 Ne5 14. Qg3 Nxc4 15. dxc4 Bf6 16. Ra2 b5 17. axb6 Rxb6 18. b3 Bb7 19. f3 Bc6 20. Rd1 Bb7 21. Bxc5 Rc6 22. Bd4 d5 23. Bxf6 Qxf6 24. exd5 exd5 25.
Rxd5 Re6 26. Rd2 Rfe8 27. c3 h6 28. Qf2 Qg5 29. Rd1 h5 30. Nd4 Rg6 31. Re2 Rxe2 32. Qxe2 Qg3 33. Kh1 h4 34. Nf5 Qg5 35. Ne7+ Kh7 36. Nxg6 Qxg6 37. Qd3 f5 38. Qd4 Qg3 39.
Qe3 Bc6 40. Kg1 a5 41. Rd4 Kg6 42. Qf2 Qg5 43. Rd6+ Kh7 44. Rxc6 Qc1+ 45. Qf1 Qe3+ 46. Kh1 Qxc3 47. Rb6 Qe3 48. Rb5 g6 49. Rxa5 Qxb3 50.
Rb5 Qe3 51. Qb1 Qf4 52. c5 g5 53. c6 g4 54. Qxf5+ Qxf5 55. Rxf5 1-0

[Event "*** Titled Tuesday Blitz"]
[Site "Chess.com"]
[Date "2018.05.01"]
[Round "3"]
[White "OparinGrigoriy"]
[Black "krzyzan94"]
[Result "1-0"]
[WhiteElo "2875"]
[BlackElo "2627"]
[TimeControl "180+2"]
[EndTime "13:40:29 PDT"]
[Termination "OparinGrigoriy won by resignation"]

1. e4 c5 2. Nf3 d6 3. c3 Nf6 4. Bb5+ Bd7 5. Bd3 Nc6 6. O-O g6 7. Re1 Bg7 8. h3 O-O 9. Bc2 Rc8 10. d4 cxd4 11. cxd4 e5 12. d5 Nb4 13. Nc3 Nxc2 14. Qxc2 Nh5 15. Qb3 b5 16. Qa3 Qb6 17. b4 Rc4 18.
Be3 Qc7 19. Rac1 Rc8 20. Ne2 f5 21. Nd2 f4 22. Nxc4 bxc4 23. Bd2 Nf6 24. f3 g5 25. Qa5 Qb7 26. Rc3 Qb6+ 27. Kf1 Qxa5 28. bxa5 Bb5 29. Rb1 Ba6 30. Be1 Nd7 31. Bf2 Rc7 32.
Rcc1 Kf7 33. Nc3 Nc5 34. Bxc5 Rxc5 35. Rb8 Bf6 36. Ra8 Rc7 37. Rb1 h5 38. a4 g4 39.
hxg4 hxg4 40. Rbb8 gxf3 41. gxf3 Be7 42. Ke2 Bf6 43.
Rf8+ Kg6 44. Rg8+ Kf7 45. Kd2 Rb7 46. Rgb8 Rc7 47. Kc2 Bh4 48. Rh8 Bf6 49. Rhf8+ Kg7 50. Nb5 Bxb5 51. axb5 Rc5 52. Rfb8 c3 53. Rxa7+ Kg6 54.
b6 Rb5 55. b7 Bh4 56. Rg8+ 1-0

[Event "*** Titled Tuesday Blitz"]
[Site "Chess.com"]
[Date "2018.05.01"]
[Round "3"]
[White "Zhani-Z"]
[Black "sergiochess83"]
[Result "0-1"]
[WhiteElo "2394"]
[BlackElo "2795"]
[TimeControl "180+2"]
[EndTime "13:40:34 PDT"]
[Termination "sergiochess83 won on time"]

1. e4 c6 2. Nc3 d5 3. Nf3 Nf6 4. e5 Ne4 5. d4 Nxc3 6. bxc3 Bf5 7. Nh4 Bd7 8. Bd3 e6 9. Nf3 c5 10. O-O Nc6 11. Be3 Be7 12. Nd2 Qa5 13. Nb3 Qc7 14. Bb5 Nxe5 15. Bxd7+ Nxd7 16. Qg4 O-O 17. dxc5 Nxc5 18.
Bd4 e5 19. Bxc5 Bxc5 20. Rad1 Rad8 21. Rfe1 Bb6 22. Qf3 e4 23. Qg3 Qxg3 24. hxg3 f5 25.
Kf1 Kf7 26. Nd4 Kf6 27. Rb1 Rc8 28. Rb3 Rc4 29. Rd1 Rfc8 30. Ne2 R8c5 31. Nf4 Ke5 32. Ne2 Ra4 33. a3 Rca5 34. Nf4 g5 35. Ne2 Rxa3 36. Rb4 Ra1 37. Rbb1 Rxb1 38. Rxb1 Ra2 39. Nd4 Bxd4 40. cxd4+ Kxd4 41. Rxb7 a5 42. Ra7 h5 43.
Ra6 Kc3 44. Ke1 Kxc2 45. Rd6 a4 46. Rxd5 a3 47. Ra5 Kd3 0-1

[Event "*** Titled Tuesday Blitz"]
[Site "Chess.com"]
[Date "2018.05.01"]
[Round "3"]
[White "lucasmito"]
[Black "Anar_Aliakbarov"]
[Result "0-1"]
[WhiteElo "2336"]
[BlackElo "2402"]
[TimeControl "180+2"]
[EndTime "13:40:36 PDT"]
[Termination "Anar_Aliakbarov won by checkmate"]

1. e4 c5 2. Nf3 e6 3. d4 cxd4 4. Nxd4 Nc6 5. Nc3 d6 6. Be3 Nf6 7. f3 Be7 8. Qd2 O-O 9. O-O-O d5 10. Kb1 dxe4 11. Nxc6 bxc6 12. Qxd8 Rxd8 13. Rxd8+ Bxd8 14. Nxe4 Nxe4 15. fxe4 e5 16. Bc4 Bb6 17. Bxb6 axb6 18. Rd1 Bg4 19. Rd6 b5 20. Bb3 Rc8 21. a4 bxa4 22. Bxa4 c5 23. Rd5 f6 24. Bd7 Bxd7 25.
Rxd7 h5 26. Kc1 Kh7 27. Kd2 Kh6 28. Kc3 g6 29. Kc4 Kg5 30. Rd5 Rb8 31. b3 Rb4+ 32. Kd3 Rb5 33. Kc4 Rb4+ 34. Kd3 Rb5 35. Kc4 Rb4+ 36.
Kd3 Rb5 37. Rd6 f5 38. g3 Rb4 39. h4+ Kg4 40. Rxg6+ Kf3 41. exf5 e4+ 42. Kd2 e3+ 43. Ke1 c4 44. f6 cxb3 45. cxb3 Rxb3 46. Kd1 e2+ 47. Kd2 Rb2+ 48. Kc3 Rb1 49. f7 e1=Q+ 50. Kc2 Qd1+ 51. Kc3 Rc1+ 52. Kb4 Qd2+ 53. Kb5 Qb2+ 54.
Ka6 Ra1# 0-1

[Event "*** Titled Tuesday Blitz"]
[Site "Chess.com"]
[Date "2018.05.01"]
[Round "3"]
[White "Mikhail_Golubev"]
[Black "bascheyaro"]
[Result "0-1"]
[WhiteElo "2376"]
[BlackElo "2670"]
[TimeControl "180+2"]
[EndTime "13:40:37 PDT"]
[Termination "bascheyaro won by resignation"]

1. e4 e6 2. d4 d5 3. Nc3 Bb4 4. e5 Ne7 5. a3 Bxc3+ 6. bxc3 b6 7. Qg4 O-O 8. Bd3 Ba6 9. Nf3 Bxd3 10. cxd3 c5 11.
O-O Nbc6 12. dxc5 bxc5 13. Bg5 Kh8 14. Qh4 Qc7 15. Qh5 Nxe5 16. Nxe5 Qxe5 17. Rae1 Qc7 18. Re3 Ng8 19. f4 h6 20. f5 f6 21. Bh4 e5 22. g4 Qf7 23. d4 Qxh5 24. gxh5 cxd4 25. cxd4 e4 26. Rc3 Rfc8 27. Rc5 Ne7 28. Bg3 Rxc5 29. dxc5 Nc6 30. Rb1 d4 31. Kf2 Rd8 32. Bd6 Re8 33.
Ke2 e3 34. Rb2 Kg8 35. Kd3 a5 36. Re2 a4 37. Rb2 Na5 38. Rc2 Nc6 39. Rb2 Kh7 40.
Re2 Ra8 41. Rb2 Rd8 42. Rb6 Rc8 43. Rb2 Re8 44. Re2 Kg8 45. Rb2 Na5 46. Re2 Nb3 47. Rc2 e2 48. Bg3 Re3+ 49. Kc4 Rxg3 50. Rxe2 Rc3+ 51.
Kd5 Rxc5+ 52. Ke6 Re5+ 0-1

[Event "*** Titled Tuesday Blitz"]
[Site "Chess.com"]
[Date "2018.05.01"]
[Round "3"]
[White "Karina_Oparina"]
[Black "Too_Stupid_To_Play"]
[Result "1-0"]
[WhiteElo "2096"]
[BlackElo "2184"]
[TimeControl "180+2"]
[EndTime "13:40:41 PDT"]
[Termination "Karina_Oparina won by resignation"]

1. Nf3 Nf6 2. d4 e6 3. c4 b6 4. g3 Ba6 5. b3 Bb4+ 6. Bd2 Be7 7. Bg2 d5 8. O-O O-O 9. Ne5 c6 10. Bc3 Nfd7 11. Nxd7 Nxd7 12. Nd2 Bf6 13. e4 dxe4 14.
Nxe4 Be7 15. Rc1 Rc8 16. Re1 Nf6 17. Ba1 Nxe4 18. Bxe4 Bf6 19. Qd3 g6 20. Qf3 Bxd4 21. Bxc6 Bxa1 22. Rxa1 Qc7 23. Be4 Rfd8 24. Rad1 Rxd1 25.
Rxd1 Rd8 26. Rxd8+ Qxd8 27. Qd3 Qxd3 28. Bxd3 Kg7 29. f4 Kf6 30. Kf2 e5 31. Ke3 exf4+ 32. Kxf4 Ke6 33. Ke4 Bb7+ 34. Kd4 f5 35. b4 g5 36. g4 fxg4 37. Bxh7 Kd6 38. Bf5 Bf3 39. a3 Bd1 40. Be4 Bf3 41. c5+ bxc5+ 42. bxc5+ Kc7 43. Ke5 a5 44. Bd5 Be2 45. Kf6 Bf3 46. Be6 Kc6 47. Kxg5 Kxc5 48. Bxg4 Bd5 49. Be2 Kd4 50. h4 Kc3 51.
Bd1 Kb2 52. a4 Bb3 53. Bxb3 Kxb3 54. h5 Kxa4 55. h6 Kb3 56. h7 a4 57. h8=Q a3 58. Qa1 a2 59. Kf4 1-0

[Event "*** Titled Tuesday Blitz"]
[Site "Chess.com"]
[Date "2018.05.01"]
[Round "3"]
[White "GrigorGrigorov"]
[Black "nihalsarin"]
[Result "1/2-1/2"]
[WhiteElo "2654"]
[BlackElo "2762"]
[TimeControl "180+2"]
[EndTime "13:40:44 PDT"]
[Termination "Game drawn by agreement"]

1. d4 Nf6 2. c4 e6 3. g3 c5 4. Nf3 cxd4 5. Nxd4 d5 6. Bg2 e5 7. Nf3 d4 8. O-O Nc6 9. e3 Be7 10. exd4 exd4 11. Bf4 O-O 12. Ne5 Be6 13. Nd2 Qb6 14. Re1 Rac8 15. Qb3 Rfd8 16. Qxb6 axb6 17. Nd3 Nd7 18. h4 Nc5 19. Nxc5 bxc5 20. b3 Rd7 21. Ne4 Nb4 22. Red1 h6 23. a3 Nc6 24. Rab1 f5 25. Nd2 g5 26. hxg5 hxg5 27. Re1 Kf7 28.
Be5 b6 29. f4 Nxe5 30. Rxe5 Bd6 31. Nf3 Bxe5 32. Nxe5+ Kf6 33. Nxd7+ Bxd7 34. fxg5+ Kxg5 35. Re1 b5 36. Bd5 bxc4 37. Bxc4 Bc6 38. Re6 Be4 39. Re7 Rh8 40. Rg7+ Kf6 41. Rf7+ Kg6 42. Rc7 Rh1+ 43. Kf2 Rh2+ 44. Ke1 d3 45. Rd7 Re2+ 46. Kd1 Re3 47. Kd2 Re2+ 48. Kd1 Re3 49. Kd2 Rxg3 50.
Bxd3 Rg2+ 51. Kc3 Bxd3 1/2-1/2

[Event "*** Titled Tuesday Blitz"]
[Site "Chess.com"]
[Date "2018.05.01"]
[Round "3"]
[White "evgenysharapov"]
[Black "FearlessKing64"]
[Result "1-0"]
[WhiteElo "2280"]
[BlackElo "2178"]
[TimeControl "180+2"]
[EndTime "13:40:44 PDT"]
[Termination "evgenysharapov won by resignation"]

1. e4 c5 2. Nf3 d6 3. d4 cxd4 4. Nxd4 Nf6 5. Nc3 a6 6. g3 g6 7. Bg2 Bg7 8. O-O O-O 9. a4 Bd7 10. Nd5 Nc6 11. Ne2 Rc8 12. c3 Ne5 13. Nd4 Nc6 14. Be3 Nxd4 15. Bxd4 Nxd5 16. exd5 Re8 17.
Bxg7 Kxg7 18. Qd4+ Kg8 19. Rfe1 Qa5 20. Re3 Qc5 21.
Qxc5 Rxc5 22. b3 Kf8 23. c4 Rc7 24. a5 Bc8 25. f4 h5 26. Kf2 Bf5 27. Bf1 Bc8 28.
Bd3 Kg7 29. Ke2 Kf6 30. Kd2 Bd7 31. Kc3 Bc8 32. Kd4 Bf5 33. Bf1 Bg4 34. b4 Bf5 35. c5 Rd7 36. c6 bxc6 37. dxc6 Ra7 38. b5 axb5 39. Bxb5 e5+ 40. fxe5+ dxe5+ 41. Kc5 Rb8 42. a6 e4 43. Rd1 Ke5 44. Rd5+ Ke6 45. Bc4 Ke7 46.
h3 Kf8 47. Rd4 Bxh3 48. Rexe4 Bf5 49. Re3 Kg7 50. Rd2 Bg4 51. Ra2 Bf5 52. Ree2 Kf6 53.
Rab2 Kg5 54. Rxb8 1-0

[Event "*** Titled Tuesday Blitz"]
[Site "Chess.com"]
[Date "2018.05.01"]
[Round "3"]
[White "MatthewG-p4p"]
[Black "Shtembuliak"]
[Result "1/2-1/2"]
[WhiteElo "2605"]
[BlackElo "2676"]
[TimeControl "180+2"]
[EndTime "13:40:46 PDT"]
[Termination "Game drawn - insufficient material"]

1. c4 Nf6 2. Nc3 d6 3. g3 g6 4. Bg2 Bg7 5. e3 O-O 6. Nge2 e5 7. O-O Nbd7 8. d3 c6 9. Rb1 Re8 10. b4 Nf8 11. b5 d5 12. bxc6 bxc6 13. Ba3 Be6 14. cxd5 cxd5 15. d4 e4 16. Na4 h5 17.
Nc5 h4 18. Re1 Bg4 19. Qa4 h3 20. Bf1 N8h7 21. Rec1 Ng5 22. Nb7 Nf3+ 23. Kh1 Qd7 24. Qxd7 Bxd7 25. Nc5 Ng4 26. Bxh3 Nxf2+ 27. Kg2 Bxh3+ 28.
Kxf2 g5 29. Nc3 Rad8 30. Nb7 Rd7 31. Nc5 Rdd8 32. Bb4 f5 33. Ba5 f4 34. gxf4 gxf4 35.
Bxd8 Rxd8 36. Rd1 fxe3+ 37. Kxe3 Bh6+ 38. Kf2 Bg5 39. N5xe4 dxe4 40. Nxe4 Rf8 41. Kg3 Bf5 42.
Kxf3 Bg6+ 43. Kg4 Bxe4 44. Kxg5 Bxb1 45. Rxb1 Rf2 46. h4 Rxa2 47. Rd1 Ra6 48. d5 Rd6 49.
Kf5 Kf7 50. Ke5 Ke7 51. Ra1 a6 52. Rg1 Rh6 53. Rg7+ Kd8 54. Rg4 Kd7 55. Kd4 Kd6 56.
Kc4 a5 57. Rd4 Rh5 58. Rg4 Rh6 59. Rd4 Rh5 60. Kb5 Rxd5+ 61. Rxd5+ Kxd5 62. h5 Ke5 63. h6 Kf6 64. h7 Kg7 65. h8=Q+ Kxh8 66. Ka4 Kg7 67.
Kxa5 1/2-1/2

[Event "*** Titled Tuesday Blitz"]
[Site "Chess.com"]
[Date "2018.05.01"]
[Round "3"]
[White "swayamsm"]
[Black "Alexander_Moskalenko"]
[Result "1/2-1/2"]
[WhiteElo "2530"]
[BlackElo "2743"]
[TimeControl "180+2"]
[EndTime "13:40:50 PDT"]
[Termination "Game drawn by repetition"]

1. d4 Nf6 2. Nf3 g6 3. Bg5 Bg7 4. Nbd2 d5 5. e3 O-O 6. c3 Nbd7 7. h4 Re8 8. Be2 e5 9. dxe5 Nxe5 10. Nxe5 Rxe5 11.
Bf4 Re8 12. h5 Bf5 13. g4 Be6 14. Nb3 Ne4 15. f3 Nd6 16. Qc2 g5 17. h6 Bf8 18.
Bxd6 Qxd6 19. O-O-O Qe5 20. Bd3 Qxe3+ 21. Kb1 Kh8 22. Nd4 Bd7 23. Bxh7 c5 24. Bf5 Bc6 25. Nxc6 bxc6 26. Rd3 Qf4 27. Bd7 c4 28. Rdd1 Re5 29. Bxc6 Rd8 30. Qf2 Qf6 31. Ba4 Bxh6 32. Qd4 Kg7 33.
Bc2 Re6 34. Be4 Re5 35. Bf5 a5 36. Rh2 Rde8 37. Rhd2 Kg8 38. a3 Bf8 39. Ka2 Rb8 40.
Qa7 Qd8 41. Be4 Qd6 42. Bxd5 Rxd5 43. Rxd5 Rxb2+ 44. Kxb2 Qxa3+ 45. Kb1 Qb3+ 46. Ka1 Qxc3+ 47. Kb1 Qb3+ 48. Kc1 Qc3+ 49. Kb1 Qb3+ 50. Kc1 Qc3+ 51. Kb1 Qb3+ 1/2-1/2

[Event "*** Titled Tuesday Blitz"]
[Site "Chess.com"]
[Date "2018.05.01"]
[Round "3"]
[White "tuttocalabria"]
[Black "ilmago"]
[Result "1-0"]
[WhiteElo "2196"]
[BlackElo "1937"]
[TimeControl "180+2"]
[EndTime "13:40:54 PDT"]
[Termination "tuttocalabria won by resignation"]

1. d4 Nf6 2. Bg5 e6 3. Nd2 d5 4. e3 h6 5. Bh4 Be7 6. f4 c5 7. c3 Qb6 8. Rb1 Nc6 9. Ngf3 O-O 10. a3 c4 11. Ne5 Qc7 12. Bf2 Re8 13. g4 Nd7 14. Bg2 Nf8 15. O-O f6 16. Nef3 b5 17. Bg3 Qd7 18. e4 dxe4 19. Nxe4 Bb7 20. Qc2 a5 21. Rbe1 b4 22. axb4 axb4 23. f5 exf5 24. gxf5 bxc3 25. bxc3 Na5 26. Nh4 Nb3 27. Rd1 Ra5 28. d5 Rea8 29. Qe2 Ra2 30. Qxc4 Qa4 31. Qxa4 R8xa4 32. Rf2 Nc5 33. Rxa2 Rxa2 34. Nf2 Rc2 35.
d6 Bd8 36. Bxb7 Nxb7 37. Ne4 Bb6+ 38. Kf1 Nd7 39. Nf3 Nbc5 40. Nxc5 Bxc5 41. Rd3 Kf7 42.
Nd2 Rc1+ 43. Ke2 Bb6 44. Ne4 Ra1 45. Rd2 Ra5 46. Rb2 Rxf5 47. c4 Rh5 48. Kd3 Nc5+ 49. Nxc5 Bxc5 50. Rb7+ Ke8 51. Re7+ Kd8 52. Rxg7 Bxd6 53.
Bxd6 Rg5 54. Rxg5 1-0

[Event "*** Titled Tuesday Blitz"]
[Site "Chess.com"]
[Date "2018.05.01"]
[Round "3"]
[White "saraswathii"]
[Black "dmosesov"]
[Result "1/2-1/2"]
[WhiteElo "2270"]
[BlackElo "2190"]
[TimeControl "180+2"]
[EndTime "13:40:56 PDT"]
[Termination "Game drawn - insufficient material"]

1. d4 Nf6 2. Bf4 b6 3. e3 Bb7 4. Nf3 g6 5. Be2 Bg7 6. h3 O-O 7. O-O d6 8. c4 Nfd7 9. Nc3 e5 10.
Bg3 Nc6 11. Qd2 h6 12. Rad1 Kh7 13. a3 a5 14. dxe5 Ndxe5 15. Nd5 Rb8 16. b4 axb4 17. axb4 Nxf3+ 18. Bxf3 Ne5 19. Be2 Ra8 20. f4 Nd7 21. Bf3 Ra3 22. f5 Ne5 23. Bxe5 Bxe5 24. Be4 Bxd5 25. fxg6+ fxg6 26. Qxd5 Qe7 27. Rxf8 Qxf8 28. Rf1 Ra1 29. Bb1 Qe8 30. Qe4 Bh2+ 31. Kf2 Qxe4 32. Bxe4 Rxf1+ 33. Kxf1 Be5 34. Ke2 Kg7 35. Kf3 Kf6 36.
Bd3 g5 37. Ke4 Ke6 38. Be2 c6 39. Bg4+ Ke7 40. Kf5 b5 41. cxb5 cxb5 42. Kg6 Bc3 43. Be2 Bxb4 44. Bxb5 Bd2 45. e4 Ke6 46. Kxh6 g4+ 47.
Kg6 gxh3 48. gxh3 d5 49. exd5+ Kxd5 50. h4 Kc5 51. Be2 Kd4 52. h5 Kc3 53. h6 Bxh6 54. Kxh6 1/2-1/2

[Event "*** Titled Tuesday Blitz"]
[Site "Chess.com"]
[Date "2018.05.01"]
[Round "3"]
[White "vovachesss"]
[Black "RodinMihail"]
[Result "1-0"]
[WhiteElo "2391"]
[BlackElo "2411"]
[TimeControl "180+2"]
[EndTime "13:40:57 PDT"]
[Termination "vovachesss won by checkmate"]

1. e4 e5 2. Nf3 Nc6 3. d4 exd4 4. c3 d5 5. exd5 Qxd5 6. cxd4 Bg4 7. Be2 Bb4+ 8. Nc3 Bxf3 9. Bxf3 Qc4 10. Qb3 Qxb3 11. Bxc6+ bxc6 12. axb3 Ne7 13. Kd2 a5 14. Kc2 O-O-O 15.
Be3 Nf5 16. Rad1 Rhe8 17. Rd3 Re6 18. Rhd1 Rde8 19. Bf4 h6 20. g4 Ne7 21. f3 Nd5 22. Bd2 Bxc3 23. bxc3 Re2 24. h4 Ne3+ 25. Kc1 Nxd1 26. Kxd1 h5 27. gxh5 Rh2 28. h6 gxh6 29. Bxh6 Rxh4 30. Bd2 Rh2 31. c4 Rg8 32. Bxa5 Rg1+ 33.
Be1 Ra2 34. Re3 Kd7 35. Re2 Ra1+ 36. Kd2 Rb1 37. Re3 Rg2+ 38. Kc3 Rgb2 39. Kb4 Kc8 40.
Bh4 Kb7 41. Bf6 Rf2 42. Kc5 Rbf1 43. Re7 Rxf3 44. Be5 f6 45. Rxc7+ Kb8 46. Bd6 Rxb3 47. Kxc6 Ka8 48. Rc8+ Ka7 49. Bc5+ Rb6+ 50. Bxb6+ Ka6 51.
Ra8# 1-0

[Event "*** Titled Tuesday Blitz"]
[Site "Chess.com"]
[Date "2018.05.01"]
[Round "3"]
[White "Bad4life"]
[Black "juniortay"]
[Result "0-1"]
[WhiteElo "2376"]
[BlackElo "2360"]
[TimeControl "180+2"]
[EndTime "13:41:03 PDT"]
[Termination "juniortay won by resignation"]

1. e4 e5 2. Nf3 Nf6 3. Nxe5 Nc6 4. Nxc6 dxc6 5. Nc3 Bc5 6. Be2 Qd4 7. O-O h5 8. d3 Ng4 9. Qe1 Qe5 10. g3 h4 11. Bf4 Qh5 12. Bf3 hxg3 13. Bxg3 Ne5 14. Bxh5 Rxh5 15. Bxe5 Rxe5 16. Ne2 Bh3 17. Ng3 O-O-O 18.
Qc3 Bd4 19. Qa3 g6 20. c3 Bb6 21. d4 Re6 22. Rad1 f5 23. Rfe1 f4 24. Qb3 fxg3 25. fxg3 Rf8 26. Rf1 Rfe8 27. Rf4 g5 28. Rf7 Rxe4 29.
Qc4 Re2 30. Rf2 Re1+ 31. Rf1 Bxf1 32. Rxe1 Bxc4 33. Rxe8+ Kd7 34. Re5 Bxa2 35. Rxg5 a5 36. Kf2 a4 37. Ke2 Kd6 38. h4 c5 39. Kd3 Bb1+ 40. Kd2 cxd4 41. cxd4 Bxd4 42. Rg4 c5 43. h5 b5 44. h6 b4 45. Kc1 Bd3 46. Rh4 a3 47. bxa3 bxa3 48. Rh2 Bb2+ 49. Kd2 a2 50.
Rh1 Be4 51. Rd1 a1=Q 52. Rxa1 Bxa1 53. Ke3 Ke5 54. g4 Bd4+ 55. Ke2 Kf6 56. Kd2 Kg5 57. Ke2 0-1

[Event "*** Titled Tuesday Blitz"]
[Site "Chess.com"]
[Date "2018.05.01"]
[Round "3"]
[White "Alopekos"]
[Black "Gogolev_Artemy"]
[Result "0-1"]
[WhiteElo "2327"]
[BlackElo "2446"]
[TimeControl "180+2"]
[EndTime "13:41:04 PDT"]
[Termination "Gogolev_Artemy won by resignation"]

1. e4 c5 2. Nf3 Nf6 3. Nc3 d5 4. exd5 Nxd5 5. Bb5+ Bd7 6. Bxd7+ Qxd7 7. O-O Nc6 8. d4 cxd4 9. Nxd4 Nxc3 10. bxc3 e6 11. Rb1 Be7 12. Qf3 O-O 13. Nxc6 bxc6 14. Rd1 Qc7 15.
Qg3 Rfd8 16. Bf4 Qa5 17. Be5 Bf8 18. Bc7 Rxd1+ 19. Rxd1 Qxa2 20. h4 Qxc2 21. Qf3 e5 22. h5 h6 23. Rd7 Qc1+ 24. Kh2 Qf4+ 25. Qxf4 exf4 26. Ba5 Bc5 27. f3 Re8 28. Rc7 Re5 29. g4 fxg3+ 30. Kxg3 Bf2+ 31. Kxf2 Rxa5 32. Ke3 Rxh5 33.
Rxa7 Re5+ 34. Kd4 Re6 35. f4 h5 36. f5 Rf6 37. Ke5 Kh7 38. Ra1 Kh6 39. Rg1 c5 40. Rh1 Ra6 41. Kd5 g5 42. fxg6 fxg6 43. Kxc5 g5 44.
Kb5 Ra2 45. c4 g4 46. c5 Rb2+ 47. Ka6 Rc2 48. Kb6 Kg5 49. c6 g3 50. c7 h4 51. Kb7 Kg4 52. c8=Q+ Rxc8 53. Kxc8 g2 54. Ra1 h3 55. Kd7 Kg3 56. Ke6 Kh2 57. Kf5 g1=Q 0-1

[Event "*** Titled Tuesday Blitz"]
[Site "Chess.com"]
[Date "2018.05.01"]
[Round "3"]
[White "Fy_Rakotomaharo"]
[Black "Justmig"]
[Result "1-0"]
[WhiteElo "2503"]
[BlackElo "2505"]
[TimeControl "180+2"]
[EndTime "13:41:04 PDT"]
[Termination "Fy_Rakotomaharo won by checkmate"]

1. e4 c6 2. d4 d5 3. e5 c5 4. dxc5 Nc6 5. a3 Nxe5 6. b4 g6 7.
Bb2 Bg7 8. Ra2 f6 9. Nf3 Nxf3+ 10. Qxf3 e5 11. Bb5+ Bd7 12. Nc3 Ne7 13. O-O d4 14. Ne4 O-O 15. Bc4+ Kh8 16. Nd6 Bc6 17. Qh3 Bd5 18. Bxd5 Nxd5 19. Nxb7 Qc7 20. Nd6 Nf4 21.
Qb3 Qd7 22. f3 h5 23. Raa1 h4 24. h3 Ne2+ 25. Kh2 Bh6 26. Rfe1 Bf4+ 27. Kh1 Ng3+ 28. Kg1 Be3+ 29. Rxe3 dxe3 30. Qxe3 Kg7 31. Rd1 Qe6 32. f4 e4 33. c4 Rad8 34. Rd5 Kg8 35. Kf2 Rd7 36.
Ke1 Rfd8 37. Qd4 Rf8 38. c6 Rc7 39. b5 e3 40. f5 Nxf5 41. Nxf5 gxf5 42. Qxh4 Rg7 43.
Qd4 Rxg2 44. Rd8 e2 45. Rxf8+ Kxf8 46. Qxf6+ Qxf6 47. Bxf6 f4 48. c7 f3 49. c8=Q+ Kf7 50. Bd4 Rh2 51. Qf5+ Ke7 52. Bc5+ Ke8 53. Qe5+ Kf7 54.
Qxh2 Kg6 55. Qg3+ Kh5 56. Qxf3+ Kh4 57. Be7# 1-0